 Dungeon Crawl Stone Soup version 0.18.1-48-g4cf74bf (webtiles) character file.

361061 Reyan the Warrior (level 21, -1/179 HPs)
             Began as a Demonspawn Fighter on June 26, 2016.
             Splashed by an acid blob's acid (7 damage)
             ... on level 4 of the Pits of Slime on June 29, 2016.
             The game lasted 09:05:24 (53889 turns).

Reyan the Warrior (Demonspawn Fighter)             Turns: 53889, Time: 09:05:24

Health: -1/179     AC:  5    Str: 23 (25) XL:     21   Next: 49%
Magic:  39/39      EV: 37    Int:  7 (8)  God:
Gold:   1037       SH:  0    Dex: 21      Spells: 0 memorised, 37 levels left

rFire  + . .     SeeInvis .     X - +7 long sword "Erghiot" {elec, rPois rF- rN+}
rCold  . . .     Gourm    .     k - +2 troll leather armour "Vaxzay" {MR+ Regen+ rCorr Int-3 Slay+2}
rNeg   + + .     Faith    .     q - +6 large shield of Ignorance {rN+ AC+2 EV+2 Int-6 *Curse}
rPois  +         Spirit   .     (helmet unavailable)
rElec  +         Dismiss  .     h - +2 cloak {MR+}
rCorr  +         Reflect  .     y - +2 pair of gloves {Str+3}
SustAt .         Harm     .     D - +0 pair of boots
MR     +++..                    J - amulet "Ejeocaha" {rElec rF+ Regen+ Str-4 Int+7}
Stlth  ++........               m - +5 ring of evasion
                                E - ring "Rekobag" {Fire +Fly MP+9 Slay+3}

@: confused, mighty, agile, corroded, extremely resistant to hostile
enchantments, unstealthy
A: horns 3, iridescent scales 2, cold resistance 1, deterioration 1, dopey 1,
low mp 1, passive freeze, powered by death 2, powered by pain 2, regeneration 1,
freezing cloud immunity, MP-powered wands
a: Evoke Flight
}: 2/15 runes: barnacled, gossamer


You were on level 4 of the Pits of Slime.
You were not hungry.

You visited 9 branches of the dungeon, and saw 44 of its levels.
You visited 1 bazaar.
You also visited: Labyrinth and Volcano.

You collected 3937 gold pieces.
You spent 2900 gold pieces at shops.

Inventory:

Hand Weapons
 a - a +2 vampiric falchion
 g - a +2 long sword of protection
 O - a +2 demon blade of flaming
 X - the +7 long sword "Erghiot" (weapon) {elec, rPois rF- rN+}
   (You found it on level 6 of the Lair of Beasts)

   Occasionally, upon striking a foe, it will discharge some electrical energy
   and cause terrible harm.
   It makes you vulnerable to fire.
   It protects you from poison.
   It protects you from negative energy.
Missiles
 W - 27 poisoned javelins (quivered)
Armour
 h - a +2 cloak of magic resistance (worn)
 k - the +2 troll leather armour "Vaxzay" (worn) {MR+ Regen+ rCorr Int-3 Slay+2}
   (You took it off a deep elf mage on level 3 of the Elven Halls)

   It affects your intelligence (-3).
   It affects your accuracy and damage with ranged weapons and melee attacks
   (+2).
   It affects your resistance to hostile enchantments.
   It increases your rate of regeneration.
   It protects you from acid and corrosion.
 q - the +6 large shield of Ignorance (worn) {rN+ AC+2 EV+2 Int-6 *Curse}
   (You found it on level 10 of the Dungeon)

   It affects your AC (+2).
   It affects your evasion (+2).
   It affects your intelligence (-6).
   It protects you from negative energy.
   It may re-curse itself when equipped.
 t - the +2 cloak of Starlight {rElec rC+ EV+4 Stlth--}
   (You bought it in a shop on level 1 of the Shoals)

   It affects your evasion (+4).
   It protects you from cold.
   It insulates you from electricity.
   It makes you much less stealthy.
 y - a +2 pair of gloves of strength (worn)
 B - a +0 storm dragon armour
 D - a +0 pair of boots (worn)
 S - a +0 crystal plate armour
Jewellery
 m - a +5 ring of evasion (right hand)
 r - an uncursed ring of protection from fire
 u - the amulet "Qytaobry" {Spirit Str+9 Int-5}
   (You found it on level 3 of the Elven Halls)

   [amulet of guardian spirit]

   It causes incoming damage to be split between your health and magic.
   It affects your strength (+9).
   It affects your intelligence (-5).
 E - the ring "Rekobag" (left hand) {Fire +Fly MP+9 Slay+3}
   (You bought it in a shop on level 14 of the Dungeon)

   [ring of fire]

   It enhances your fire magic, and weakens your ice magic.
   It affects your accuracy and damage with ranged weapons and melee attacks
   (+3).
   It protects you from fire.
   It makes you vulnerable to cold.
   It affects your magic capacity (+9).
   It lets you fly.
 J - the amulet "Ejeocaha" (around neck) {rElec rF+ Regen+ Str-4 Int+7}
   (You found it on level 3 of the Elven Halls)

   [amulet of regeneration]

   It affects your strength (-4).
   It affects your intelligence (+7).
   It protects you from fire.
   It insulates you from electricity.
   It increases your rate of regeneration.
 K - the amulet of the Manifold Hells {*Confuse rF+ Regen+ Int+4 Dex+3}
   (You found it on level 3 of the Lair of Beasts)

   [amulet of regeneration]

   It affects your intelligence (+4).
   It affects your dexterity (+3).
   It protects you from fire.
   It increases your rate of regeneration.
   It may confuse you when you take damage.
Wands
 v - a wand of confusion (13/48)
 H - a wand of disintegration (15/24)
Scrolls
 c - 3 scrolls of fear
 d - 8 scrolls of teleportation
 A - 3 scrolls of enchant weapon
 F - 9 scrolls of enchant armour
 G - 5 scrolls of remove curse
 V - 14 scrolls of identify
Potions
 b - a potion of haste
 e - 6 potions of ambrosia
 N - a potion of cancellation
Comestibles
 f - 24 bread rations
 s - 11 meat rations


   Skills:
 - Level 18.8 Fighting
   Level 7.0(11.2) Short Blades
 - Level 13.4(14.0) Long Blades
   Level 3.3 Polearms
 - Level 15.1 Armour
 - Level 16.2 Dodging
 + Level 15.2 Shields
 - Level 8.8 Spellcasting
 - Level 2.0 Evocations


You had 37 spell levels left.
You didn't know any spells.

Dungeon Overview and Level Annotations

Branches:
Dungeon (15/15)            Temple (1/1) D:7            Lair (8/8) D:8
 Shoals (4/4) Lair:3       Spider (4/4) Lair:3        Slime (4/6) Lair:7
    Orc (2/2) D:11            Elf (3/3) Orc:2        Vaults (0/5) D:14
 Depths (3/5) D:15

Altars:
Ashenzari
Cheibriados
Dithmenos
Elyvilon
Fedhas
Gozag
Kikubaaqudgha
Makhleb
Nemelex Xobeh
Okawaru
Pakellas
Qazlal
Ru
Sif Muna
Trog
Vehumet
Xom
Yredelemnul
Zin
The Shining One
Beogh
Jiyva

Shops:
D:4 =   D:6 ?   D:7 ?[%   D:9 [   D:10 ?   D:12 (   D:14 =   Orc:2 [=%(
Shoals:1 ([[   Shoals:2 [

Portals:
Hell: Depths:1 Depths:2
Abyss: Depths:1 Depths:2
Trove: D:13 (give +3 storm dragon armour)

Annotations:
Shoals:4 exclusion: Roxanne, Roxanne
Elf:2 Nikola


Innate Abilities, Weirdness & Mutations

You have a pair of large horns on your head.
You are mostly covered in iridescent scales (AC +6).
Your flesh is cold resistant.
A frigid envelope surrounds you and freezes all who hurt you.
You regenerate health from kills.
You sometimes gain power by taking damage.
You are immune to freezing clouds.
Your body sometimes deteriorates upon taking damage.
You are dopey. (Int -2)
Your magical capacity is low (-10% MP).
Your natural rate of healing is unusually fast.
You expend magic power (3 MP) to strengthen your wands.


Message History

The slime creature is very cold.
The slime creature is lightly wounded.
The acid blob completely misses you.
The slime creature completely misses you.
The large slime creature completely misses you.
You slash the slime creature!
The slime creature is lightly wounded.
The golden eye blinks!
The slime creature completely misses you.
The acid blob barely misses you.
The slime creature completely misses you.
The slime creature hits you.
* * * LOW HITPOINT WARNING * * *
The slime creature is very cold.
The slime creature is moderately wounded.
The acid blob spits acid at you. The splash of acid hits you! You resist.
* * * LOW HITPOINT WARNING * * *
The acid burns!
You resist.
You die...

##..#...###
##.......#.##
##.#.........#
#........<..##
##.#.#.......##
#...........## .#
##........>..#
...####........##
.....#JJ@....###
........JJ.....#
.#.....J......#....
#.#................
...#......>..#....
.....#.............
......##..G........
...... ............
##...............#


You could see an acid blob, a large slime creature, 3 slime creatures and a
golden eye.

Vanquished Creatures
  Mara (Shoals:3)
  A juggernaut (Depths:2)
  A golden dragon (Depths:2)
  5 deep elf blademasters
  3 deep elf master archers
  A quicksilver dragon (Depths:2)
  A kraken (Shoals:1)
  8 acid blobs
  Frances (Elf:1)
  Polyphemus (Shoals:3)
  2 sphinxes (Depths:2)
  3 azure jellies
  Donald (Shoals:3)
  The ghost of nikopol the Impaler, a journeyman MiBe of Trog (Orc:1)
  2 frost giants (Depths:2)
  Maud (Lair:4)
  4 deep elf sorcerers
  Louise (Shoals:3)
  2 fire giants (Depths:2)
  3 emperor scorpions (Spider:4)
  2 orc warlords
  6 ghost moths
  2 deep elf elementalists (Elf:3)
  11 stone giants
  A spriggan defender (Depths:2)
  5 deep elf demonologists (Elf:3)
  2 vampire knights
  3 very ugly things
  3 deep elf annihilators (Elf:3)
  2 dire elephants (Lair:8)
  3 spark wasps
  Snorg (Lair:4)
  4 ettins
  11 merfolk javelineers
  A minotaur (Lab)
  A death ooze (Slime:3)
  2 yaktaur captains (Depths:2)
  7 deep elf death magi
  4 fire dragons
  8 vault guards (D:14)
  3 jiangshi (Depths:1)
  5 great orbs of eyes
  9 merfolk impalers
  An ogre mage (Volcano)
  2 deep elf high priests (Elf:3)
  4 entropy weavers
  4 ice dragons
  3 rakshasas
  5 merfolk avatars
  5 hydras
  A deep troll shaman (Depths:2)
  Erolcha (D:9)
  An anaconda (Lair:8)
  3 centaur warriors
  Erica (D:9)
  3 death knights
  An alligator snapping turtle (Shoals:4)
  3 tengu warriors
  7 merfolk aquamancers
  3 death yaks (Shoals:3)
  A deep troll earth mage (Depths:2)
  14 dancing weapons
  2 vampire magi
  5 orc high priests
  A spriggan berserker (Depths:2)
  14 deep elf knights
  8 hell knights
  An iron troll (Depths:2)
  3 skeletal warriors (D:15)
  3 spectral emperor scorpions (Spider:4)
  8 death scarabs (Spider:4)
  A giant orange brain (Depths:1)
  2 deep trolls (Depths:2)
  An unseen horror (D:14)
  3 flayed ghosts (Depths:2)
  19 sea snakes
  14 deep elf archers
  7 hill giants
  6 harpies
  4 phantasmal warriors
  2 wizards (D:14)
  3 spectral wolf spiders (Spider:4)
  3 necromancers
  4 orc knights (Orc:2)
  12 orb spiders
  17 ugly things
  9 manticores
  69 deep elf magi
  A frost giant zombie (D:15)
  9 hornets
  A stone giant zombie (D:15)
  5 cyclopes
  7 orc sorcerers
  A fire giant zombie (D:15)
  5 fauns
  2 shining eyes
  28 wolf spiders
  9 griffons
  A stone giant skeleton (D:15)
  12 elephants
  6 water nymphs
  4 black mambas
  4 moths of wrath
  4 sirens
  A gargoyle (D:14)
  Maurice (D:10)
  2 torpor snails
  Joseph (D:9)
  3 centaur skeletons
  9 spiny frogs
  2 eyes of devastation
  2 rime drakes
  2 kobold demonologists (D:13)
  4 spectral redbacks (Spider:4)
  An efreet (D:14)
  7 yaktaurs
  10 demonic crawlers
  6 komodo dragons
  4 freezing wraiths
  41 jumping spiders
  7 trolls
  A troll (shapeshifter) (Depths:2)
  2 boulder beetles
  42 merfolk
  2 wind drakes (Shoals:2)
  2 spectral tarantellas (Spider:4)
  2 spectral hornets (Spider:4)
  2 spectral jumping spiders (Spider:4)
  A merfolk (shapeshifter) (Depths:2)
  8 two-headed ogres
  73 slime creatures
  A raiju (shapeshifter) (Elf:1)
  21 blink frogs
  12 snapping turtles
  2 hornet zombies (Spider:4)
  A jumping spider zombie (Spider:4)
  2 tarantella zombies (Spider:4)
  An air elemental (Elf:3)
  A centaur simulacrum (D:14)
  83 redbacks
  22 water elementals
  4 wyverns
  31 tarantellas
  23 yaks
  A fire bat (shapeshifter) (Elf:1)
  4 fire elementals
  5 wraiths
  5 basilisks
  12 hippogriffs
  4 hogs
  5 golden eyes
  3 vampire mosquitoes
  A hungry ghost (D:14)
  2 wargs
  5 large abominations
  2 mottled dragons
  2 soldier ants
  2 giant eyeballs (shapeshifter)
  11 porcupines
  8 water moccasins
  45 orc warriors
  15 ice beasts
  6 eyes of draining
  A black bear (D:8)
  2 necrophages
  6 sky beasts
  20 ogres
  11 wolves
  A wasp (D:10)
  4 elf zombies (Elf:1)
  16 centaurs
  13 crocodiles
  5 big kobolds
  23 giant frogs
  A water moccasin zombie (D:11)
  4 earth elementals
  2 wyvern skeletons (D:13)
  8 scorpions
  A water moccasin skeleton (D:11)
  19 killer bees
  10 wights
  6 electric eels
  9 lava snakes (Volcano)
  4 centaur zombies
  10 crimson imps
  2 quasits
  10 hounds
  29 jellies
  3 giant frog zombies
  36 orc priests
  A giant frog skeleton (D:7)
  10 iguanas
  An iron imp (Depths:2)
  18 orc wizards
  Terence (D:2)
  7 hell rats (Lair:3)
  11 worker ants
  34 sheep
  A killer bee zombie (D:5)
  2 hound skeletons
  A worker ant zombie (D:8)
  15 adders
  12 gnolls
  40 river rats
  2 shadow imps
  3 white imps (Lair:6)
  An ooze (D:1)
  2 adder skeletons
  4 worms (D:2)
  A dart slug (D:3)
  8 giant geckos
  118 orcs
  3 ball pythons
  24 bats
  9 giant cockroaches
  9 hobgoblins
  21 jackals
  5 quokkas
  6 giant newts
  8 goblins
  A jackal skeleton (D:4)
  22 kobolds
  15 rats
  7 fungi
  8 plants
  3 tentacles (Shoals:1)
  A toadstool (D:8)
  A withered plant (D:15)
1794 creatures vanquished.

Vanquished Creatures (collateral kills)
  A sea snake (Shoals:3)
1 creature vanquished.

Vanquished Creatures (others)
  Kirke (Lair:4)
  Ilsuiw (Shoals:4)
  A deep elf knight (Elf:1)
  3 deep elf magi (Elf:3)
  An orb spider (Spider:1)
  A jumping spider (Spider:1)
  A redback (Spider:1)
  A fire elemental (Elf:3)
  2 golden eyes (Slime:4)
  An orc wizard (Orc:2)
  An adder (D:11)
  An orc (Orc:2)
  20 fungi
  22 plants
  8 tentacles (Shoals:1)
  310 tentacle segments (Shoals:1)
375 creatures vanquished.

Grand Total: 2170 creatures vanquished

Notes
Turn   | Place    | Note
--------------------------------------------------------------
     0 | D:1      | Reyan the Demonspawn Fighter began the quest for the Orb.
     0 | D:1      | Reached XP level 1. HP: 18/18 MP: 1/1
   186 | D:1      | Gained mutation: You are partially covered in iridescent scales (AC +4). [demonic ancestry]
   186 | D:1      | Reached XP level 2. HP: 24/24 MP: 2/2
   887 | D:2      | Reached XP level 3. HP: 29/29 MP: 3/3
  1802 | D:2      | Noticed Terence
  1812 | D:2      | Gained mutation: You have a pair of small horns on your head. [demonic ancestry]
  1812 | D:2      | Reached XP level 4. HP: 33/37 MP: 4/4
  1828 | D:2      | Killed Terence
  2197 | D:3      | Reached skill level 4 in Fighting
  2269 | D:3      | Reached skill level 1 in Dodging
  2281 | D:3      | Found a stormy altar of Qazlal.
  2485 | D:3      | Found a glowing drain.
  2493 | D:3      | Gained mutation: You have a pair of horns on your head. [demonic ancestry]
  2493 | D:3      | Reached XP level 5. HP: 38/42 MP: 5/5
  2982 | D:3      | You fall through a shaft for 3 floors!
  3005 | D:5      | Entered Level 5 of the Dungeon
  3005 | D:5      | Found an ancient bone altar of Kikubaaqudgha.
  3005 | D:5      | Found a sacrificial altar of Ru.
  3005 | D:5      | Found a glowing silver altar of Zin.
  3005 | D:5      | Found a glowing golden altar of the Shining One.
  3008 | D:5      | Found a sparkling altar of Nemelex Xobeh.
  3266 | D:5      | Found a bloodstained altar of Trog.
  3402 | D:5      | Noticed an ogre
  3410 | D:5      | Noticed an ice beast
  3411 | D:5      | Killed an ogre
  3411 | D:5      | Reached skill level 5 in Fighting
  3411 | D:5      | Gained mutation: You sometimes gain a little power by taking damage. [demonic ancestry]
  3411 | D:5      | Reached XP level 6. HP: 18/51 MP: 6/6
  4007 | D:4      | Found Axuplime's Jewellery Shop.
  4057 | D:4      | Reached skill level 6 in Fighting
  4057 | D:4      | Reached XP level 7. HP: 58/58 MP: 7/7
  5510 | D:6      | Found Diul's Magic Scroll Boutique.
  5660 | D:6      | Reached skill level 7 in Fighting
  5694 | D:6      | Reached XP level 8. HP: 41/67 MP: 8/8
  6453 | D:7      | Found a staircase to the Ecumenical Temple.
  6549 | D:7      | Found Uter's Magic Scroll Shoppe.
  6549 | D:7      | Found Zoefuijun's Armour Shop.
  6697 | D:7      | Found Zuegis's Food Emporium.
  6761 | D:7      | Found a burning altar of Makhleb.
  6761 | D:7      | Found a radiant altar of Vehumet.
  7205 | D:8      | Reached skill level 8 in Fighting
  7259 | D:8      | Found a viscous altar of Jiyva.
  7365 | D:8      | Reached skill level 5 in Armour
  7499 | D:8      | Reached skill level 5 in Dodging
  7626 | D:8      | Gained mutation: You regenerate a little health from kills. [demonic ancestry]
  7626 | D:8      | Reached XP level 9. HP: 53/75 MP: 9/9
  7691 | D:8      | Found a staircase to the Lair.
  7697 | D:8      | Reached skill level 9 in Fighting
  7947 | D:8      | Found a blossoming altar of Fedhas.
  8116 | D:8      | Reached skill level 1 in Short Blades
  8419 | Lair:1   | Entered Level 1 of the Lair of Beasts
  8599 | Lair:1   | Noticed a rime drake
  8609 | Lair:1   | Killed a rime drake
  8670 | Lair:1   | Reached skill level 10 in Fighting
  8670 | Lair:1   | Gained mutation: You are mostly covered in iridescent scales (AC +6). [demonic ancestry]
  8670 | Lair:1   | Reached XP level 10. HP: 77/85 MP: 10/10
 10121 | Lair:2   | Found a labyrinth entrance.
 10122 | Lair:2   | Noticed a spiny frog
 10133 | Lair:2   | Killed a spiny frog
 10171 | Lab      | Entered a labyrinth
 10780 | Lab      | Noticed a minotaur
 10795 | Lab      | Killed a minotaur
 10804 | Lab      | Identified the Grimoire of Earth
 10808 | Lab      | Identified Sif Muna's Grimoire of the Oath
 11022 | Lair:2   | Reached skill level 11 in Fighting
 11294 | Lair:3   | Reached XP level 11. HP: 93/93 MP: 11/11
 11311 | Lair:3   | Got a slimy zirconium amulet
 11314 | Lair:3   | Identified the amulet of the Manifold Hells {*Confuse rF+ Regen+ Int+4 Dex+3} (You found it on level 3 of the Lair of Beasts)
 11382 | Lair:3   | Noticed a seven-headed hydra
 11389 | Lair:3   | Killed a seven-headed hydra
 11764 | Lair:3   | Found a staircase to the Shoals.
 11811 | Lair:3   | Reached skill level 5 in Shields
 11991 | Lair:3   | Found a hole to the Spider Nest.
 12178 | Lair:3   | Reached skill level 12 in Fighting
 12483 | Lair:4   | Reached skill level 5 in Short Blades
 12505 | Lair:4   | Noticed Snorg
 12531 | Lair:4   | Killed Snorg
 12653 | Lair:4   | Gained mutation: Your flesh is cold resistant. [demonic ancestry]
 12653 | Lair:4   | Reached XP level 12. HP: 93/103 MP: 12/12
 12725 | Lair:4   | Noticed Maud
 12738 | Lair:4   | Killed Maud
 13355 | Lair:5   | Noticed Kirke
 13541 | Lair:5   | Noticed a sphinx
 13549 | Lair:4   | Reached skill level 10 in Armour
 13560 | Lair:4   | Killed Kirke
 13986 | Lair:5   | Noticed a six-headed hydra
 14029 | Lair:5   | Killed a six-headed hydra
 14101 | Lair:5   | Found a basalt altar of Yredelemnul.
 14318 | Lair:5   | Reached skill level 13 in Fighting
 15119 | Lair:6   | Got a translucent long sword
 15343 | Lair:6   | Gained mutation: You have a pair of large horns on your head. [demonic ancestry]
 15343 | Lair:6   | Reached XP level 13. HP: 80/111 MP: 13/13
 16496 | Lair:7   | Found a dark tunnel.
 16503 | Volcano  | Entered a volcano
 16762 | Volcano  | Found a radiant altar of Vehumet.
 16788 | Volcano  | Reached skill level 10 in Dodging
 17170 | Lair:7   | Found a viscous altar of Jiyva.
 17170 | Lair:7   | Found a staircase to the Slime Pits.
 17424 | Lair:7   | Identified the +7 long sword "Erghiot" {elec, rPois rF- rN+} (You found it on level 6 of the Lair of Beasts)
 17459 | Lair:7   | Identified a +2 rod of clouds (11/11) (You found it on level 6 of the Lair of Beasts)
 17518 | Lair:8   | Entered Level 8 of the Lair of Beasts
 17560 | Lair:8   | Reached skill level 14 in Fighting
 17854 | Lair:8   | Noticed a dire elephant
 17854 | Lair:8   | Noticed a dire elephant
 17872 | Lair:8   | Killed a dire elephant
 17881 | Lair:8   | Killed a dire elephant
 17923 | Lair:8   | Noticed a dire elephant
 17939 | Lair:8   | HP: 2/113 [dire elephant (17)]
 17957 | Lair:8   | HP: 5/113 [dire elephant (2)]
 17961 | Lair:8   | Noticed a dire elephant
 18805 | D:4      | Bought a +5 ring of evasion for 605 gold pieces
 19280 | D:7      | Bought a +1 pair of gloves of strength for 231 gold pieces
 19319 | Temple   | Entered the Ecumenical Temple
 19750 | D:9      | Found Dinap's Armour Emporium.
 19753 | D:9      | Noticed Joseph
 19775 | D:9      | Killed Joseph
 20006 | D:9      | Noticed Erica
 20020 | D:9      | Killed Erica
 20681 | D:9      | Noticed Erolcha
 20691 | D:9      | Killed Erolcha
 20776 | D:9      | Found a snail-covered altar of Cheibriados.
 20899 | D:10     | Entered Level 10 of the Dungeon
 20918 | D:10     | Noticed Maurice
 20928 | D:10     | Killed Maurice
 21210 | D:10     | Found Ylittoq's Magic Scroll Boutique.
 21564 | D:10     | Gained mutation: You are immune to freezing clouds. [demonic ancestry]
 21564 | D:10     | Reached XP level 14. HP: 121/121 MP: 14/14
 22453 | D:11     | Found a staircase to the Orcish Mines.
 23310 | Orc:1    | Entered Level 1 of the Orcish Mines
 23761 | Orc:1    | Found a roughly hewn altar of Beogh.
 24331 | D:12     | Found Yczegun's Weapon Emporium.
 24444 | D:12     | Reached skill level 10 in Shields
 24499 | D:12     | Found a viscous altar of Jiyva.
 24938 | D:13     | Reached skill level 1 in Long Blades
 25161 | D:13     | Found a portal to a secret trove of treasure.
 25982 | D:14     | Reached skill level 5 in Long Blades
 26261 | D:14     | Got an encrusted leather armour
 26645 | D:14     | Found Ade Addo's Jewellery Emporium.
 26751 | D:14     | Found a gate to the Vaults.
 26778 | D:14     | Gained mutation: You sometimes gain power by taking damage. [demonic ancestry]
 26778 | D:14     | Reached XP level 15. HP: 127/127 MP: 15/15
 27281 | D:14     | Bought the ring "Rekobag" {Fire +Fly MP+9 Slay+3} for 747 gold pieces
 27340 | D:15     | Entered Level 15 of the Dungeon
 27341 | D:15     | Found a staircase to the Depths.
 28049 | D:15     | Reached skill level 1 in Spellcasting
 28604 | Depths:1 | Entered Level 1 of the Depths
 29186 | Depths:1 | Found a gateway to Hell.
 29479 | Depths:1 | Found a one-way gate to the infinite horrors of the Abyss.
 29513 | Depths:1 | Reached XP level 16. HP: 127/134 MP: 20/20
 29634 | Depths:1 | Identified the +2 leather armour of Limitation {Int-2 Dex+8} (You found it on level 14 of the Dungeon)
 30004 | Depths:2 | Got an ancient scale mail
 30163 | Depths:2 | Identified the +6 scale mail "Itedas" {rPois rCorr} (You found it on level 2 of the Depths)
 30316 | Depths:2 | Gained mutation: Scrolls take you a little longer to read. [mutagenic meat]
 30317 | Depths:2 | Gained mutation: You are somewhat resistant to further mutation. [mutagenic meat]
 30318 | Depths:2 | Lost mutation: Scrolls take you a little longer to read. [potion of cure mutation]
 30318 | Depths:2 | Lost mutation: You are somewhat resistant to further mutation. [potion of cure mutation]
 30323 | Depths:2 | Gained mutation: Your natural rate of healing is unusually fast. [mutagenic meat]
 30495 | Depths:2 | Paralysed by something for 7 turns
 30895 | Depths:2 | Noticed a golden dragon
 30899 | Depths:2 | Noticed a sphinx
 30910 | Depths:2 | Killed a golden dragon
 30913 | Depths:2 | Killed a sphinx
 30942 | Depths:2 | Noticed a sphinx
 30959 | Depths:2 | Killed a sphinx
 30968 | Depths:2 | Noticed a juggernaut
 30986 | Depths:2 | Killed a juggernaut
 30986 | Depths:2 | Reached skill level 15 in Dodging
 31449 | Depths:2 | Gained mutation: You regenerate health from kills. [demonic ancestry]
 31449 | Depths:2 | Reached XP level 17. HP: 119/140 MP: 21/21
 31532 | Depths:2 | Noticed a quicksilver dragon
 31541 | Depths:2 | Killed a quicksilver dragon
 32095 | Depths:3 | Noticed a tentacled monstrosity
 33943 | Orc:1    | Got an encrusted chain mail
 34051 | Orc:2    | Entered Level 2 of the Orcish Mines
 35045 | Orc:2    | Reached skill level 1 in Evocations
 35182 | Orc:2    | Found a roughly hewn altar of Beogh.
 35196 | Orc:2    | Found Vurec's Antique Weapon Shoppe.
 35288 | Orc:2    | Found Ositwini's Food Shop.
 35668 | Orc:2    | Found a roughly hewn altar of Beogh.
 35799 | Orc:2    | Found Vaumn's Armour Emporium.
 35814 | Orc:2    | Found Wuan Heniu's Jewellery Shoppe.
 35984 | Orc:1    | Noticed nikopol's ghost (journeyman MiBe)
 36002 | Orc:1    | Killed nikopol's ghost
 36274 | Orc:2    | Reached skill level 15 in Fighting
 36339 | Orc:2    | Found a staircase to the Elven Halls.
 36492 | Elf:1    | Entered Level 1 of the Elven Halls
 36555 | Elf:1    | Noticed Frances
 36570 | Elf:1    | Killed Frances
 36638 | Elf:1    | Found a flickering gateway to a bazaar.
 36648 | Bazaar   | Entered a bazaar
 36648 | Bazaar   | Found Huttop's Antique Armour Emporium.
 36648 | Bazaar   | Found Xydgh's Assorted Antiques.
 36661 | Bazaar   | Found Ofet's General Store.
 36713 | Bazaar   | Found Koimme's Armour Shop.
 36819 | Bazaar   | Bought a +1 cloak of magic resistance for 165 gold pieces
 36829 | Bazaar   | Bought the cursed +0 buckler "Dois" {rElec rPois rN+ SInv} for 281 gold pieces
 36908 | Elf:1    | Reached skill level 5 in Spellcasting
 37130 | Elf:1    | Identified the Papyrus of Necromancy
 37853 | Elf:1    | Reached XP level 18. HP: 149/149 MP: 26/26
 38387 | Elf:2    | Identified the +2 chain mail "Miretyk" {+Fly rF+ Str-2 Slay+3} (You found it on level 1 of the Orcish Mines)
 38477 | Elf:2    | Found a runed gate.
 38477 | Elf:2    | Found a runed gate.
 38477 | Elf:2    | Found a runed gate.
 38546 | Elf:2    | Noticed Nikola
 38962 | Elf:3    | Entered Level 3 of the Elven Halls
 39398 | Elf:2    | Reached skill level 16 in Fighting
 39714 | Elf:3    | Noticed an Ice Fiend
 39827 | Elf:3    | Noticed a Hell Sentinel
 40383 | Elf:3    | Reached skill level 10 in Long Blades
 40394 | Elf:3    | Got a translucent graven amulet
 40444 | Elf:3    | Noticed a Hell Sentinel
 40478 | Elf:3    | Noticed an Ice Fiend
 40563 | Elf:3    | Got a crude troll leather armour
 40631 | Elf:3    | Got a steaming great sword {antimagic}
 40647 | Elf:3    | Identified the +2 troll leather armour "Vaxzay" {MR+ Regen+ rCorr Int-3 Slay+2} (You took it off a deep elf mage on level 3 of the Elven Halls)
 40660 | Elf:3    | Identified the amulet "Ejeocaha" {rElec rF+ Regen+ Str-4 Int+7} (You found it on level 3 of the Elven Halls)
 40723 | Elf:3    | Noticed a Brimstone Fiend
 40750 | Elf:3    | Identified the Guide on the Mutagenic Blaze
 40928 | Elf:3    | Gained mutation: A frigid envelope surrounds you and freezes all who hurt you. [demonic ancestry]
 40928 | Elf:3    | Reached XP level 19. HP: 159/159 MP: 31/31
 41028 | Elf:3    | Reached skill level 15 in Armour
 41164 | Elf:3    | Got a transparent emerald amulet
 41166 | Elf:3    | Lost intelligence.
 41166 | Elf:3    | Identified the amulet "Qytaobry" {Spirit Str+9 Int-5} (You found it on level 3 of the Elven Halls)
 41227 | Elf:3    | Identified the +6 great sword of Frustration {antimagic, MP+9 Str+6 Dex-5} (You took it off a deep elf demonologist on level 3 of the Elven Halls)
 41239 | Elf:3    | Identified Sif Muna's Compendium of Transformation and Snow (You found it on level 3 of the Elven Halls)
 41252 | Elf:3    | Identified Sif Muna's Tome of Clay and the Blaze (You found it on level 3 of the Elven Halls)
 41261 | Elf:3    | Identified the Compendium of Dark Weightlessness (You found it on level 3 of the Elven Halls)
 41348 | Elf:3    | Got a shimmering scale mail
 41359 | Elf:3    | Identified the +3 scale mail "Riebahil" {rElec Str+4 Dex+3} (You found it on level 3 of the Elven Halls)
 41393 | Elf:3    | Identified the Disquisition on the Venomous Rocks (You found it on level 3 of the Elven Halls)
 41753 | Elf:3    | Got a spiked chain mail
 41764 | Elf:3    | Identified the cursed +1 chain mail "Usyluch" {rN+ MR+ Regen+} (You found it on level 3 of the Elven Halls)
 43134 | Spider:1 | Entered Level 1 of the Spider Nest
 43924 | Spider:2 | You fall through a shaft!
 44284 | Spider:3 | Got an ivory hand axe
 44602 | Spider:4 | Entered Level 4 of the Spider Nest
 44701 | Spider:4 | Reached skill level 17 in Fighting
 46018 | Spider:4 | Got a gossamer rune of Zot
 46135 | Spider:4 | Reached XP level 20. HP: 168/168 MP: 32/32
 46402 | Spider:2 | Identified the +3 hand axe of Purpose {antimagic, MR+ SInv} (You found it on level 3 of the Spider Nest)
 46797 | Spider:2 | Got a shimmering hand axe
 47145 | Shoals:1 | Entered Level 1 of the Shoals
 47257 | Shoals:1 | Found Seud's Antique Weapon Shoppe.
 47406 | Shoals:1 | Found Azamm's Armour Shoppe.
 47412 | Shoals:1 | Found Ididwieqidd's Armour Shoppe.
 48142 | Shoals:2 | Found Telycs Yriku's Antique Armour Shoppe.
 48281 | Shoals:2 | Reached skill level 18 in Fighting
 48871 | Shoals:3 | Noticed Donald
 48886 | Shoals:3 | Killed Donald
 48968 | Shoals:3 | Noticed Mara
 48968 | Shoals:3 | Noticed Polyphemus
 48984 | Shoals:3 | Noticed Reyan's illusion
 49002 | Shoals:3 | Killed Polyphemus
 49061 | Shoals:3 | Noticed Reyan's illusion
 49113 | Shoals:3 | Killed Mara
 49303 | Shoals:3 | Noticed Louise
 49361 | Shoals:3 | Killed Louise
 49469 | Shoals:4 | Entered Level 4 of the Shoals
 49578 | Shoals:4 | Got a polished broad axe {freeze}
 49651 | Shoals:4 | Noticed Roxanne
 49998 | Shoals:4 | Noticed Ilsuiw
 50025 | Shoals:4 | Killed Ilsuiw
 50198 | Shoals:4 | Reached XP level 21. HP: 165/178 MP: 33/33
 50220 | Shoals:4 | Got a barnacled rune of Zot
 50666 | Shoals:4 | Identified a scroll of acquirement
 51165 | Shoals:2 | Bought a jewelled chain mail for 228 gold pieces
 51302 | Shoals:1 | Bought the +2 cloak of Starlight {rElec rC+ EV+4 Stlth--} for 643 gold pieces
 51824 | Temple   | Identified the cursed +2 hand axe of Zavit {flame, +Inv rC+ Dex-5} (You found it on level 2 of the Spider Nest)
 51835 | Temple   | Identified the cursed +0 chain mail of Benevolence {rF- rN+ MR+} (You bought it in a shop on level 2 of the Shoals)
 51856 | Temple   | Identified the +3 broad axe "Xom's Flight of Fancy" {freeze, Fragile rF- rN++ MR+++} (You took it off a merfolk javelineer on level 4 of the Shoals)
 52415 | Slime:1  | Entered Level 1 of the Pits of Slime
 52443 | Slime:1  | Gained mutation: Your magical capacity is low (-10% MP). [a shining eye]
 52444 | Slime:1  | Gained mutation: Your body sometimes deteriorates upon taking damage. [a shining eye]
 53360 | Slime:3  | Gained mutation: You expend magic power (3 MP) to strengthen your wands. [a shining eye]
 53362 | Slime:3  | Lost intelligence.
 53362 | Slime:3  | Gained mutation: You are dopey. (Int -2) [a shining eye]
 53390 | Slime:3  | HP: 8/179 [acid (25)]
 53684 | Slime:3  | Reached skill level 15 in Shields
 53887 | Slime:4  | HP: 6/179 [slime creature (15)]
 53889 | Slime:4  | Splashed by an acid blob's acid

Skill      XL: |  1  2  3  4  5  6  7  8  9 10 11 12 13 14 15 16 17 18 19 20 21 |
---------------+----------------------------------------------------------------+-----
Polearms       | 2 3 |  3.3
Armour         | 3 4 5 6 7 9 10 11 13 14 15 | 15.1
Fighting       | 4 5 6 7 8 10 11 12 13 14 15 16 17 18 | 18.8
Dodging        | 1 2 3 5 6 7 9 10 12 15 16 | 16.2
Short Blades   | 4 5 7 |  7.0
Shields        | 3 5 7 10 11 13 15 | 15.2
Long Blades    | 6 8 10 11 13 | 13.4
Spellcasting   | 3 5 8 |  8.8
Evocations     | 2 |  2.0

Action                   |  1- 3 |  4- 6 |  7- 9 | 10-12 | 13-15 | 16-18 | 19-21 || total
-------------------------+-------+-------+-------+-------+-------+-------+-------++-------
Melee: Trident           |   177 |   143 |       |       |       |       |       ||   320
       Headbutt          |       |    36 |    88 |   233 |   527 |   555 |   618 ||  2057
       Short sword       |       |    42 |   424 |   361 |  1118 |       |       ||  1945
       Rapier            |       |       |       |   424 |    22 |       |       ||   446
       Unarmed           |       |       |       |     2 |       |       |       ||     2
       Long sword        |       |       |       |       |   563 |  1922 |  2399 ||  4884
       Demon blade       |       |       |       |       |       |       |     1 ||     1
Evoke: Wand              |       |       |       |       |       |       |     1 ||     1
  Use: Potion            |     2 |       |       |     5 |    10 |     8 |     7 ||    32
       Scroll            |       |     3 |    19 |    10 |    10 |     8 |    10 ||    60
 Stab: Sleeping          |       |       |       |       |       |       |     1 ||     1
  Eat: Chunk             |     3 |     8 |    12 |    20 |    38 |    38 |    29 ||   148
       Fruit             |       |       |     4 |     2 |     3 |     5 |       ||    14
       Beef jerky        |       |       |       |       |     4 |     3 |     6 ||    13
       Royal jelly       |       |       |       |       |     1 |     1 |     1 ||     3
       Pizza             |       |       |       |       |       |       |     1 ||     1
       Meat ration       |       |       |       |       |       |       |     2 ||     2
Armor: Plate armour      |   107 |    88 |       |       |       |    13 |       ||   208
       Scale mail        |    10 |       |       |       |       |       |     7 ||    17
       Chain mail        |       |    35 |   272 |    59 |       |       |       ||   366
       Crystal plate arm |       |       |       |   745 |   825 |   654 |  1141 ||  3365
       Ring mail         |       |       |       |       |    68 |       |       ||    68
       Troll leather arm |       |       |       |       |       |       |    15 ||    15
Dodge: Dodged            |    13 |    25 |   117 |   234 |   706 |   805 |  1146 ||  3046
Block: Shield            |    66 |    72 |   248 |   521 |   867 |       |       ||  1774
       Large shield      |       |       |       |       |   277 |  2478 |  3412 ||  6167
